 Dungeon Crawl Stone Soup version 0.22-a0-877-g5c4e1af (webtiles) character file.

1010 Amnesiac the Digger (level 8, 0/52 HPs)
             Began as a Mummy Earth Elementalist on July 29, 2018.
             Slain by Ijyb (2 damage)
             ... on level 3 of the Dungeon.
             The game lasted 00:08:57 (4058 turns).

Amnesiac the Digger (Mummy Earth Elementalist)      Turns: 4058, Time: 00:08:58

Health: 0/52       AC:  2    Str: 11    XL:     8   Next: 1%
Magic:  10/18      EV: 11    Int: 19    God:
Gold:   287        SH:  0    Dex: 12    Spells: 5/20 levels left

rFire    x . .     SeeInvis .   b - +0 hunting sling
rCold    + . .     Gourm    .   (no shield)
rNeg     + + +     Faith    .   o - +1 leather armour "Nentaati" {Int+2}
rPois    ∞         Spirit   .   (no helmet)
rElec    .         Reflect  .   p - +0 cloak
rCorr    .         Harm     .   k - +0 pair of gloves
MR       +....                  (no boots)
Stlth    +.........             (no amulet)
HPRegen  0.17/turn              (no ring)
MPRegen  0.16/turn              (no ring)

@: about to teleport, corroded
A: no food or potions, fire vulnerability, cold resistance 1, negative energy
resistance 3, torment resistance, unbreathing
a: no special abilities


You were on level 3 of the Dungeon.
You were not hungry.

You visited 2 branches of the dungeon, and saw 6 of its levels.

You collected 287 gold pieces.

Inventory:

Hand Weapons
 a - a +1 whip of electrocution
 b - a +0 hunting sling (weapon)
 i - a +0 mace
Missiles
 f - 108 stones
 j - 42 sling bullets (quivered)
Armour
 k - a +0 pair of gloves (worn)
 o - the +1 leather armour "Nentaati" (worn) {Int+2}
   (You found it on level 4 of the Dungeon)

   It affects your intelligence (+2).
 p - a +0 cloak (worn)
 s - a +2 robe of cold resistance
Magical Staves
 v - an uncursed staff of air {unknown}
Wands
 c - a wand of enslavement (13)
 q - a wand of flame (8)
 t - a wand of polymorph (18)
Scrolls
 d - a scroll of noise {!r, unknown}
 e - a scroll of magic mapping {!r, unknown}
 g - a scroll of fog {!r, unknown}
 h - 3 scrolls of identify {!r}
 l - a scroll of enchant armour {!r, unknown}
 m - 2 scrolls of teleportation {!r}
 n - a scroll of immolation {!r, unknown}
 r - a scroll of fear {!r, unknown}
 u - 4 scrolls of remove curse {!r}
 w - a scroll of enchant weapon {!r}


   Skills:
 - Level 1.5 Dodging
 - Level 1.5 Stealth
 + Level 6.8 Spellcasting
 - Level 0.7 Transmutations
 * Level 6.8 Earth Magic


You had 5 spell levels left.
You knew the following spells:

 Your Spells              Type           Power        Failure   Level  Hunger
a - Sandblast             Erth           ####..       1%          1    N/A
b - Passwall              Tmut/Erth      ###.....     4%          2    N/A
c - Stone Arrow           Conj/Erth      ###...       10%         3    N/A
d - Lee's Rapid Deconstr  Erth           ####......   22%         5    N/A
e - Petrify               Tmut/Erth      ###.....     28%         4    N/A

Your spell library contained the following spells:

 Spells                   Type           Power        Failure   Level  Hunger


Dungeon Overview and Level Annotations

Branches:
Dungeon (5/15)             Temple (1/1) D:5

Altars:
Ashenzari
Dithmenos
Elyvilon
Fedhas
Gozag
Hepliaklqana
Kikubaaqudgha
Makhleb
Nemelex Xobeh
Okawaru
Qazlal
Sif Muna
Trog
Wu Jian
Xom
Yredelemnul
The Shining One

Annotations:
D:3 Ijyb


Innate Abilities, Weirdness & Mutations

You do not eat or drink.
Your flesh is vulnerable to fire.
You are immune to poison.
Your flesh is cold resistant. (rC+)
You are immune to negative energy. (rN+++)
You are immune to unholy pain and torment.
You can survive without breathing.


Message History

You shoot a sling bullet. The sling bullet hits the orc!
You kill the orc!
No target in view!
No target in view!
No target in view!
j - 45 sling bullets (gained 1)
Things that are here:
a hand axe; a ring mail Key pressed, stopping explore.
No target in view!
You see here a scale mail.
Ijyb is too close now for your liking.
Firing (i - inventory. (/) - cycle)
j - 45 sling bullets (quivered)
Press: ? - help, Shift-Dir - straight line, f - Ijyb
Aim: Ijyb, wearing a leather armour and carrying a wand of acid (8) (hasn't noticed you)
You shoot a sling bullet. The sling bullet barely misses Ijyb.
Ijyb shouts!
Ijyb is nearby!
Firing (i - inventory. (/) - cycle)
j - 44 sling bullets (quivered)
Press: ? - help, Shift-Dir - straight line, f/p - Ijyb
Aim: Ijyb, wearing a leather armour and carrying a wand of acid (8)
You shoot a sling bullet. The sling bullet closely misses Ijyb.
Ijyb zaps a wand.
The bolt of acid hits you! The acid corrodes you!
You are splashed with acid!
The acid burns!
Ijyb is nearby!
Firing (i - inventory. (/) - cycle)
j - 43 sling bullets (quivered)
Press: ? - help, Shift-Dir - straight line, f/p - Ijyb
Aim: Ijyb, wearing a leather armour and carrying a wand of acid (7)
You shoot a sling bullet.
The sling bullet completely misses Ijyb.
Ijyb is nearby!
Press: ? - help, v - describe, . - travel
Here: Ijyb, wearing a leather armour and carrying a wand of acid (7)
The floor.
Really read
h - 4 scrolls labeled BEUNIU YSIESM {!r}?
As you read the scroll labeled BEUNIU YSIESM {!r}, it crumbles to dust.
It is a scroll of identify.
w - a scroll of enchant weapon {!r} Really read
u - 5 scrolls labeled MECEMU CYB OPT {!r}?
As you read the scroll labeled MECEMU CYB OPT {!r}, it crumbles to dust.
You feel blessed for a moment.
It was a scroll of remove curse {!r}.
Really read
m - 3 scrolls labeled VEEREGHEUSM {!r}?
As you read the scroll labeled VEEREGHEUSM {!r}, it crumbles to dust.
You feel strangely unstable.
It was a scroll of teleportation {!r}.
Ijyb barely misses you.
Okay, then.
Casting: Sandblast (safe; 1% risk of failure)
Confirm with . or Enter, or press ? or * to list all spells.
Aiming: Petrify (quite dangerous; 28% risk of failure)
Press: ? - help, Shift-Dir - straight line, f/p - Ijyb
Aim: Ijyb, wearing a leather armour and carrying a wand of acid (7) (chance to defeat MR: 59%) Ijyb resists with significant effort.
Ijyb zaps a wand.
The bolt of acid hits you!
* * * LOW HITPOINT WARNING * * *
The acid corrodes you!
You are splashed with acid!
The acid burns!
* * * LOW HITPOINT WARNING * * *
Unknown command.
Casting: Petrify (quite dangerous; 28% risk of failure)
Confirm with . or Enter, or press ? or * to list all spells.
Aiming: Petrify (quite dangerous; 28% risk of failure)
Press: ? - help, Shift-Dir - straight line, f/p - Ijyb
Aim: Ijyb, wearing a leather armour and carrying a wand of acid (6) (chance to defeat MR: 59%) Ijyb is moving more slowly.
Ijyb hits you.
You die...

. #### .# ###... .# #. ##.....
#.#. #.....♣. ... #.##.♣_♣ #####
#.# #####.##..♣. ....##### ##.##
#..........) ........# #..@#
#..##.#..##) ###.###.#
#..g#####..##.#..##. .†......#
#.....g..(.#........
..#.##..######[...###.(.#........
..#.##..##......).)...%.......##.
..#>##.............<...##........
.......###............####.##.##.
..#.#..# ###.#....)##.# #.......
.......# #.#........# ####.###


You could see Ijyb (petrifying).

Vanquished Creatures
  Pikel (D:5)
  An ice beast (D:5)
  2 slaves (D:5)
  Blork the orc (D:5)
  A bullfrog (D:4)
  A howler monkey (D:4)
  A crimson imp (D:5)
  An orc priest (D:5)
  A jelly (D:5)
  2 worker ants
  6 adders
  An adder skeleton (D:5)
  A worm (D:4)
  2 dart slugs (D:1)
  3 leopard geckos
  13 orcs
  A giant cockroach (D:4)
  11 goblins
  4 hobgoblins
  6 jackals
  A ball python (D:2)
  3 bats
  3 frilled lizards
  A kobold (D:2)
  A leopard gecko zombie (D:5)
  5 rats
74 creatures vanquished.

Vanquished Creatures (others)
  2 slaves (D:5)
2 creatures vanquished.

Grand Total: 76 creatures vanquished

Notes
Turn   | Place    | Note
-------+----------+-------------------------------------------
     0 | D:1      | Amnesiac the Mummy Earth Elementalist began the quest for the Orb.
     0 | D:1      | Reached XP level 1. HP: 13/13 MP: 4/4
   167 | D:1      | Reached XP level 2. HP: 19/19 MP: 3/5
   171 | D:1      | Learned a level 2 spell: Passwall
   610 | D:2      | Reached XP level 3. HP: 23/24 MP: 3/7
   615 | D:2      | Learned a level 3 spell: Stone Arrow
   890 | D:3      | Reached XP level 4. HP: 29/30 MP: 6/9
  1312 | D:3      | Found a faded altar of an unknown god.
  1541 | D:4      | Noticed a bullfrog
  1546 | D:4      | Killed a bullfrog
  1546 | D:4      | Reached XP level 5. HP: 25/35 MP: 6/11
  1596 | D:4      | Learned a level 4 spell: Petrify
  1597 | D:4      | Noticed Ijyb
  2627 | D:4      | Got a pitted leather armour
  2638 | D:4      | Identified the +1 leather armour "Nentaati" {Int+2} (You found it on level 4 of the Dungeon)
  2832 | D:5      | Entered Level 5 of the Dungeon
  2893 | D:5      | Reached XP level 6. HP: 41/41 MP: 13/13
  2925 | D:5      | Reached skill level 5 in Earth Magic
  2967 | D:5      | Found a burning altar of Makhleb.
  2992 | D:5      | Found a shimmering altar of Xom.
  3051 | D:5      | Reached skill level 5 in Spellcasting
  3059 | D:5      | Learned a level 5 spell: Lee's Rapid Deconstruction
  3066 | D:5      | Noticed Blork the orc
  3116 | D:5      | Killed Blork the orc
  3207 | D:5      | Noticed a slave
  3225 | D:5      | Killed a slave
  3239 | D:5      | Noticed Pikel
  3291 | D:5      | Killed Pikel
  3291 | D:5      | Reached XP level 7. HP: 26/46 MP: 1/16
  3422 | D:5      | Found a glowing golden altar of the Shining One.
  3425 | D:5      | Found an iron altar of Okawaru.
  3425 | D:5      | Found a white marble altar of Elyvilon.
  3478 | D:5      | Found a staircase to the Ecumenical Temple.
  3655 | Temple   | Entered the Ecumenical Temple
  3863 | D:3      | Reached XP level 8. HP: 52/52 MP: 18/18
  4057 | D:3      | HP: 1/52 [acid (10)]
  4058 | D:3      | Slain by Ijyb

Vault maps used:
D:1:      elethiomel_arrival_maze, minivault_19
D:2:      lemuel_round_altar, serial_bayou_lake_a, uniq_robin
D:3:      chequers_ecumenical_altar_simple, first_ration
D:4:      uniq_ijyb
D:5:      grunt_temple_overflow_open, kennysheep_little_box,
          minmay_temple_entry_water_ring, dk_xom_monty_hall, uniq_blork_the_orc,
          uniq_pikel
Temple:   chequers_temple_sunken

Skill      XL: |  1  2  3  4  5  6 |
---------------+-------------------+-----
Earth Magic    | 3 4 6 |  6.8
Spellcasting   | 3 4 6 |  6.8
Dodging        | |  1.5
Stealth        | |  1.5
Transmutations | |  0.7

Action                   |  1- 3 |  4- 6 |  7- 9 || total
-------------------------+-------+-------+-------++-------
Melee: Unarmed           |     6 |       |       ||     6
       Dagger            |    48 |       |       ||    48
       Mace              |       |     6 |       ||     6
 Fire: Hunting sling     |       |   104 |    26 ||   130
 Cast: Sandblast         |    28 |    39 |     6 ||    73
       Passwall          |     1 |       |     2 ||     3
       Petrify           |       |     3 |     2 ||     5
       Stone Arrow       |       |     4 |       ||     4
       Lee's Rapid Decon |       |     1 |     3 ||     4
Evoke: Wand              |       |     3 |     1 ||     4
  Use: Scroll            |       |       |     3 ||     3
 Stab: Sleeping          |     2 |       |       ||     2
Armor: Robe              |    31 |     8 |       ||    39
       Leather armour    |       |     5 |     2 ||     7
Dodge: Dodged            |    46 |    56 |     3 ||   105

Table legend:
 A = Spawn XP
 B = Non-spawn XP
 C = Spawn XP percentage of total XP
 D = Spawn monster count
 E = Non-spawn monster count
 F = Spawn count percentage of total count
 G = Total turns spent on level
                    A         B        C        D         E        F      G
               +---------+---------+-------+---------+---------+-------+---------
         Total |       0 |    1443 |   0.0 |       0 |      72 |   0.0 |  4058
               +---------+---------+-------+---------+---------+-------+---------
           D:1 |       0 |      33 |   0.0 |       0 |      17 |   0.0 |   607
           D:2 |       0 |      47 |   0.0 |       0 |       8 |   0.0 |   360
           D:3 |       0 |     105 |   0.0 |       0 |      23 |   0.0 |   894
           D:4 |       0 |     174 |   0.0 |       0 |      11 |   0.0 |  1202
           D:5 |       0 |    1084 |   0.0 |       0 |      13 |   0.0 |   944
               +---------+---------+-------+---------+---------+-------+---------
